 Dungeon Crawl Stone Soup version 0.26-a0-259-g1effd001a9 (webtiles) character file.

Game seed: 12352662500351438198

1178 HoaS the Grappler (level 8, 0/52 HPs)
             Began as a Gargoyle Gladiator on July 28, 2020.
             Was an Initiate of Makhleb.
             Slain by an orc warrior
             ... wielding a +0 dire flail
              (15 damage)
             ... on level 6 of the Dungeon.
             The game lasted 00:11:35 (5448 turns).

HoaS the Grappler (Gargoyle Gladiator)              Turns: 5448, Time: 00:11:36

Health: 0/52       AC: 16    Str: 20    XL:     8   Next: 41%
Magic:  8/8        EV:  6    Int:  9    God:    Makhleb [......]
Gold:   231        SH:  0    Dex: 11    Spells: 7/7 levels left

rFire    . . .     SeeInvis .     - Unarmed
rCold    + . .     Faith    .   (no shield)
rNeg     + . .     Spirit   .   p - +0 plate armour
rPois    ∞         Reflect  .   b - +0 helmet
rElec    +         Harm     .   (no cloak)
rCorr    .                      (no gloves)
MR       .....                  (no boots)
Stlth    ..........             (no amulet)
HPRegen  0.17/turn              g - ring of protection from cold
MPRegen  0.11/turn              (no ring)

@: no status effects
A: negative energy resistance 1, electricity resistance, unbreathing,
petrification resistance, rot immunity, AC +5
a: Renounce Religion


You were on level 6 of the Dungeon.
You worshipped Makhleb.
Makhleb was noncommittal.
You were not hungry.

You visited 2 branches of the dungeon, and saw 7 of its levels.

You collected 231 gold pieces.

Inventory:

Missiles
 o - 21 poisoned darts (quivered)
Armour
 b - a +0 helmet (worn)
 p - a +0 plate armour (worn)
Jewellery
 g - a ring of protection from cold (left hand)
 n - an uncursed amulet of guardian spirit {unknown}
Wands
 l - a wand of paralysis (9)
Scrolls
 c - 2 scrolls of blinking
 h - 5 scrolls of teleportation
 i - 4 scrolls of remove curse
 r - 2 scrolls of magic mapping
Potions
 a - a potion of ambrosia {unknown}
 e - 6 potions of curing {unknown}
 f - a potion of heal wounds {unknown}
 j - a potion of stabbing {unknown}
 k - a potion of haste {unknown}
 m - a potion of brilliance {unknown}
 q - a potion of flight {unknown}
 s - a potion of lignification {unknown}
Comestibles
 d - 24 rations


   Skills:
 + Level 6.5 Fighting
 - Level 1.7 Throwing
 - Level 2.4 Dodging
 * Level 8.6 Unarmed Combat


You had 7 spell levels left.
You didn't know any spells.
Your spell library was empty.

Dungeon Overview and Level Annotations

Branches:
Dungeon (6/15)             Temple (1/1) D:5

Altars:
Ashenzari
Cheibriados
Dithmenos
Elyvilon
Fedhas
Gozag
Hepliaklqana
Makhleb
Nemelex Xobeh
Okawaru
Qazlal
Ru
Sif Muna
Trog
Uskayaw
Vehumet
Xom
Yredelemnul
Zin
The Shining One

Annotations:
D:4 2 runed translucent doors, mortelune's ghost, amateur FoAK


Innate Abilities, Weirdness & Mutations

You are resistant to torment.
Your stone body is resilient. (AC +5)
You are immune to poison.
You resist negative energy. (rN+)
You are resistant to electric shocks. (rElec)
You can survive without breathing.
You are immune to petrification.
You are immune to rotting.


Message History

Throwing (i - inventory)
o - 22 poisoned darts (quivered)
Press: ? - help, Shift-Dir - straight line, f - orc warrior
Aim: an orc warrior, wielding a +0 dire flail and wearing a +0 plate armour (moderately wounded)
You throw a poisoned dart.
The poisoned dart barely misses the orc warrior.
The poisoned dart closely misses the orc.
You are too injured to fight recklessly!
Okay, then.
You hit the orc warrior.
The orc warrior is moderately wounded.
The orc warrior hits you with a +0 dire flail.
You closely miss the orc warrior.
The orc warrior is moderately wounded.
An orc priest comes into view. It is wielding a +0 dagger.
The orc priest shouts!
The orc barely misses you.
The orc priest looks encouraged for a moment.
The orc warrior barely misses you.
The orc warrior hits you with a +0 dire flail!
You die...

..# #(# #.# #.#
..#
#.#.###.#######
#..o...........
###o####
#.o@...#
#.#'##.# #....#
# #....#
#....#.#
#....#.#
#.#'##.#
#.#.##.#
#.#.##.#


You could see an orc warrior and an orc.

Vanquished Creatures
  Grinder (D:4)
  An orc warrior (D:6)
  2 sky beasts
  A phantom (D:4)
  The ghost of olaf the Magician, an amateur GnWn of Gozag (D:3)
  An ogre (D:4)
  A scorpion (D:5)
  A bullfrog zombie (D:5)
  A quasit (D:5)
  An orc priest (D:6)
  An orc wizard (D:6)
  A worker ant (D:4)
  A hound skeleton (D:4)
  4 gnolls
  8 adders
  A white imp (D:5)
  An ufetubus (D:6)
  2 oozes (D:4)
  An adder skeleton (D:4)
  3 worms (D:2)
  4 dart slugs
  3 leopard geckos
  16 orcs
  6 bats
  4 giant cockroaches
  10 goblins
  13 hobgoblins
  4 jackals
  3 quokkas
  6 frilled lizards
  A jackal skeleton (D:4)
  A jackal zombie (D:6)
  9 kobolds
  2 quokka skeletons (D:4)
  8 rats
124 creatures vanquished.

Vanquished Creatures (others)
  A hobgoblin (D:2)
  A rat (D:2)
2 creatures vanquished.

Grand Total: 126 creatures vanquished

Notes
Turn   | Place    | Note
-------+----------+-------------------------------------------
     0 | D:1      | HoaS the Gargoyle Gladiator began the quest for the Orb.
     0 | D:1      | Reached XP level 1. HP: 12/12 MP: 1/1
   256 | D:1      | Reached XP level 2. HP: 7/18 MP: 2/2
   836 | D:1      | Reached XP level 3. HP: 20/22 MP: 3/3
  1117 | D:1      | Reached skill level 4 in Unarmed Combat
  1343 | D:2      | Found a white marble altar of Elyvilon.
  1615 | D:1      | Reached XP level 4. HP: 18/28 MP: 4/4
  1746 | D:2      | Found a hide-covered altar of Uskayaw.
  1900 | D:2      | You fall into a shaft and drop 2 floors!
  1901 | D:4      | Noticed a sky beast
  1918 | D:3      | Killed a sky beast
  1918 | D:3      | Reached skill level 5 in Unarmed Combat
  1918 | D:3      | Reached XP level 5. HP: 19/33 MP: 5/5
  2566 | D:3      | Reached XP level 6. HP: 38/38 MP: 6/6
  2589 | D:3      | You fall into a shaft and drop 1 floor!
  2916 | D:3      | Found a runed translucent door.
  2918 | D:3      | Noticed olaf's ghost (amateur GnWn)
  3372 | D:3      | Killed olaf's ghost
  3372 | D:3      | Reached skill level 6 in Unarmed Combat
  3656 | D:4      | Found a large runed translucent door.
  3656 | D:4      | Found a large runed translucent door.
  3662 | D:4      | Noticed mortelune's ghost (amateur FoAK)
  3703 | D:4      | Reached XP level 7. HP: 39/44 MP: 7/7
  3792 | D:4      | Noticed Grinder
  3858 | D:4      | Paralysed by Grinder for 5 turns
  3867 | D:4      | Paralysed by Grinder for 2 turns
  3879 | D:4      | Killed Grinder
  3879 | D:4      | Reached skill level 5 in Fighting
  3879 | D:4      | Reached skill level 7 in Unarmed Combat
  4340 | D:5      | Entered Level 5 of the Dungeon
  4360 | D:5      | Found a radiant altar of Vehumet.
  4435 | D:5      | Reached XP level 8. HP: 48/51 MP: 8/8
  4613 | D:5      | Reached skill level 8 in Unarmed Combat
  4626 | D:5      | Found a staircase to the Ecumenical Temple.
  4640 | Temple   | Entered the Ecumenical Temple
  4816 | Temple   | Became a worshipper of Makhleb the Destroyer
  4907 | D:5      | Found a sacrificial altar of Ru.
  5448 | D:6      | Slain by an orc warrior

Illustrated notes

Levels and vault maps discovered:
D:1:      dpeg_arrival_castle, layout_loops_corners, palyth_stone_intersect
D:2:      layout_loops_ring, eat_drink_and_be_merry_uskayaw, elyvilon_altar_4
D:3:      layout_loops_ring, ebering_ghost_sewer_d, first_ration
D:4:      layout_rooms, ebering_ghost_disaster_area, uniq_grinder
D:5:      layout_rooms, nicolae_ru_the_path_less_chosen,
          minmay_temple_entry_butterflies, basic_altar
D:6:      layout_basic, nicolae_overflow_hidden_temple, uniq_pikel,
          uniq_prince_ribbit1
Temple:   eino_temple_scatter_basement

Skill      XL: |  1  2  3  4  5  6  7  8 |
---------------+-------------------------+-----
Unarmed Combat | 4 5 6 7 8 |  8.6
Fighting       | 3 4 5 6 |  6.5
Throwing       | |  1.7
Dodging        | |  2.4

Action                   |  1- 3 |  4- 6 |  7- 9 || total
-------------------------+-------+-------+-------++-------
Melee: Unarmed           |   150 |   186 |   209 ||   545
       Punch             |     2 |     4 |    10 ||    16
Throw: Throwing net      |     1 |     3 |     2 ||     6
       Dart              |       |       |     1 ||     1
  Use: Scroll            |     7 |     1 |     3 ||    11
 Stab: Held in net/web   |     1 |       |     1 ||     2
  Eat: Ration            |     1 |     2 |     1 ||     4
Armor: Leather armour    |    63 |    36 |       ||    99
       Ring mail         |       |    39 |    44 ||    83
       Scale mail        |       |       |    35 ||    35
       Plate armour      |       |       |     4 ||     4
       Skin              |       |       |     1 ||     1
Dodge: Dodged            |   134 |    96 |    76 ||   306

Table legend:
 A = Non-vault XP
 B = Vault XP
 C = Vault XP percentage of total XP
 D = Non-vault monster count
 E = Vault monster count
 F = Vault count percentage of total count
                 A         B        C        D         E       F
            +---------+---------+-------+---------+---------+-------
      Total |    1280 |     403 |  23.9 |     120 |       4 |   3.2
            +---------+---------+-------+---------+---------+-------
        D:1 |      68 |       0 |   0.0 |      25 |       0 |   0.0
        D:2 |     110 |       0 |   0.0 |      30 |       0 |   0.0
        D:3 |     186 |     136 |  42.2 |      19 |       3 |  13.6
        D:4 |     336 |     267 |  44.3 |      20 |       1 |   4.8
        D:5 |     213 |       0 |   0.0 |      14 |       0 |   0.0
        D:6 |     367 |       0 |   0.0 |      12 |       0 |   0.0
            +---------+---------+-------+---------+---------+-------
